 Dungeon Crawl Stone Soup version 0.23.2-1-ga50397a6bc (webtiles) character file.

Game seed: 7114631797099534512

714 DildoBatman the Conjurer (level 8, 0/52 HPs)
             Began as a Formicid Wizard on Apr 21, 2019.
             Succumbed to a scorpion's poison
             ... on level 6 of the Dungeon on Apr 22, 2019.
             The game lasted 00:15:52 (4844 turns).

DildoBatman the Conjurer (Formicid Wizard)          Turns: 4844, Time: 00:15:53

Health: 0/52       AC:  3    Str: 13    XL:     8   Next: 1%
Magic:  14/14      EV: 12    Int: 19    God:
Gold:   313        SH:  0    Dex: 12    Spells: 8/15 levels left

rFire    . . .     SeeInvis +   a - +3 falchion
rCold    . . .     Gourm    .   (no shield)
rNeg     . . .     Faith    .   t - +0 robe
rPois    .         Spirit   .   (helmet unavailable)
rElec    .         Reflect  .   l - +0 cloak
rCorr    .         Harm     .   (no gloves)
MR       .....                  (no boots)
Stlth    ++........             (no amulet)
HPRegen  0.17/turn              i - +3 ring of dexterity
MPRegen  0.14/turn              (no ring)

@: lethally poisoned (0 -> -6)
A: permanent stasis, dig shafts and tunnels, four strong arms, antennae 3
a: Dig, Shaft Self


You were on level 6 of the Dungeon.
You were hungry.

You visited 1 branch of the dungeon, and saw 6 of its levels.

You collected 313 gold pieces.

Inventory:

Hand Weapons
 a - a +3 falchion (weapon)
 b - a +1 mace of protection
 q - a +1 dagger of draining
Missiles
 e - 92 bolts
 g - 51 arrows
 o - 7 tomahawks of returning (quivered)
 p - 65 poisoned needles
 u - 111 stones
 B - 17 sling bullets
Armour
 l - a +0 cloak (worn)
 t - a +0 robe (worn)
Jewellery
 i - a +3 ring of dexterity (left hand)
Wands
 f - a wand of iceblast (12)
Scrolls
 c - a scroll of magic mapping {unknown}
 d - a scroll of amnesia {unknown}
 j - 2 scrolls of enchant weapon
 k - a scroll of fog {unknown}
 s - a scroll of enchant armour {unknown}
 w - a scroll of fear {unknown}
 x - a scroll of remove curse
 z - a scroll of identify
Potions
 h - a potion of cancellation {unknown}
 m - 3 potions of degeneration {unknown}
 r - 3 potions of ambrosia {unknown}
Comestibles
 v - 11 rations


   Skills:
 - Level 1.7 Dodging
 - Level 2.4 Stealth
 - Level 4.1 Spellcasting
 - Level 6.0 Conjurations
   Level 1.0 Summonings
   Level 0.8 Translocations
 * Level 2.0 Fire Magic
 * Level 1.6 Air Magic
 * Level 2.8 Poison Magic


You had 8 spell levels left.
You knew the following spells:

 Your Spells              Type           Power        Failure   Level  Hunger
a - Conjure Flame         Conj/Fire      ###.....     8%          3    ###....
c - Magic Dart            Conj           ####         1%          1    None
e - Mephitic Cloud        Conj/Pois/Air  ###.....     10%         3    ###....

Your spell library contained the following spells:

 Spells                   Type           Power        Failure   Level  Hunger
 Call Imp                 Summ           #.......     14%         2    ##.....
 Slow                     Hex            #.......     21%         2    ##.....
 Blink                    Tloc           Unusable     N/A         2    N/A

Dungeon Overview and Level Annotations

Branches:
Dungeon (6/15)
 Temple: D:4-7

Altars:

Annotations:
D:3 Blork the orc
D:4 Pikel
D:5 Grinder


Innate Abilities, Weirdness & Mutations

You cannot be hasted, slowed, berserked, paralysed or teleported.
You can dig through walls and to a lower floor.
Your four strong arms can wield two-handed weapons with a shield.
You have a pair of large antennae on your head. (SInv)


Message History

The giant cockroach waves its antennae.
The giant cockroach closely misses you. What are your orders? t - Shout!
Orders for allies: a - Attack new target. r - Retreat! s - Stop attacking. g - Guard the area. f - Follow me.
Anything else - Cancel.
You shout for attention!
You feel sick. The giant cockroach barely misses you. The scorpion stings you!
What are your orders? t - Shout!
Orders for allies: a - Attack new target. r - Retreat! s - Stop attacking. g - Guard the area. f - Follow me.
Anything else - Cancel.
You shout for attention!
You die...

#.....#####
#.........#
#..<..#
#.....#
#.....#
####...#
#......#
#.###ss###.##
# #..@.......
#.##.###.##
#. .# . ## ..
.. ##.


You could see a scorpion and a giant cockroach.

Vanquished Creatures
  An ice beast (D:5)
  A slave (D:4)
  2 ogres
  A howler monkey (D:4)
  2 hounds
  2 orc priests
  2 orc wizards
  A bullfrog skeleton (D:4)
  2 worker ants (D:4)
  A hound skeleton (D:4)
  A hound zombie (D:5)
  A worker ant zombie (D:5)
  3 adders
  An ooze (D:2)
  An adder zombie (D:5)
  2 worms (D:3)
  An adder skeleton (D:4)
  3 dart slugs
  3 leopard geckos
  7 orcs
  9 giant cockroaches
  6 goblins
  7 hobgoblins
  5 jackals
  7 kobolds
  7 bats
  8 frilled lizards
  A jackal skeleton (D:2)
  A quokka zombie (D:5)
  9 rats
98 creatures vanquished.

Notes
Turn   | Place    | Note
-------+----------+-------------------------------------------
     0 | D:1      | DildoBatman the Formicid Wizard began the quest for the
                  | Orb.
     0 | D:1      | Reached XP level 1. HP: 13/13 MP: 4/4
    32 | D:1      | Reached skill level 1 in Conjurations
   368 | D:1      | Reached XP level 2. HP: 6/19 MP: 0/6
   525 | D:1      | Reached skill level 2 in Conjurations
   870 | D:1      | Reached XP level 3. HP: 24/24 MP: 4/7
   875 | D:1      | Learned a level 3 spell: Conjure Flame
   879 | D:1      | Learned a level 3 spell: Mephitic Cloud
  1355 | D:2      | Reached skill level 3 in Conjurations
  1534 | D:2      | Reached XP level 4. HP: 21/30 MP: 6/8
  2381 | D:3      | Reached skill level 4 in Conjurations
  2381 | D:3      | Reached XP level 5. HP: 33/35 MP: 5/9
  3004 | D:4      | Noticed Blork the orc
  3233 | D:4      | Noticed an ogre
  3237 | D:4      | Reached skill level 5 in Conjurations
  3237 | D:4      | Reached XP level 6. HP: 26/41 MP: 5/10
  3440 | D:4      | Killed an ogre
  3445 | D:4      | Reached skill level 6 in Conjurations
  3771 | D:4      | Reached XP level 7. HP: 46/46 MP: 7/11
  3869 | D:4      | Noticed Pikel
  4142 | D:4      | Reached skill level 1 in Poison Magic
  4205 | D:4      | Reached skill level 1 in Fire Magic
  4253 | D:5      | Entered Level 5 of the Dungeon
  4336 | D:5      | Reached skill level 1 in Air Magic
  4511 | D:5      | Got a jade-encrusted chain mail
  4522 | D:5      | Identified the cursed +1 chain mail of Recklessness {Str+2
                  | Stlth+} (You found it on level 5 of the Dungeon)
  4550 | D:5      | Noticed Grinder
  4720 | D:5      | Reached XP level 8. HP: 40/52 MP: 2/14
  4843 | D:6      | HP: 1/52 [scorpion (9)]
  4844 | D:6      | Succumbed to a scorpion's poison

Skill      XL: |  1  2  3  4  5  6  7 |
---------------+----------------------+-----
Conjurations   | 1 2 3 4 5 6 |  6.0
Poison Magic   | 2 |  2.8
Fire Magic     | 2 |  2.0
Air Magic      | 1 |  1.6
Spellcasting   | 4 |  4.1
Dodging        | |  1.7
Stealth        | |  2.4
Summonings     | |  1.0
Translocations | |  0.8

Action                   |  1- 3 |  4- 6 |  7- 9 || total
-------------------------+-------+-------+-------++-------
Melee: Unarmed           |    20 |       |       ||    20
       Short sword       |    35 |    10 |       ||    45
       Falchion          |       |    41 |     7 ||    48
 Cast: Magic Dart        |    96 |   100 |    69 ||   265
       Mephitic Cloud    |       |    10 |       ||    10
       Conjure Flame     |       |       |     1 ||     1
 Abil: Dig               |       |     1 |     3 ||     4
  Use: Potion            |       |     3 |       ||     3
       Scroll            |       |       |     6 ||     6
 Stab: Confused          |       |     1 |       ||     1
  Eat: Chunk             |     2 |     8 |     3 ||    13
Armor: Robe              |    17 |    18 |     5 ||    40
Dodge: Dodged            |    48 |    59 |    29 ||   136
       Rpst.: Falchion   |       |    15 |    10 ||    25
